 Dungeon Crawl Stone Soup version 0.19-a0-733-geeb8733 (webtiles) character file.

393 Ordine the Changer (level 6, 0/45 HPs)
             Began as an Octopode Transmuter on June 21, 2016.
             Slain by Grim's ghost (12 damage)
             ... on level 4 of the Dungeon.
             The game lasted 00:08:34 (4040 turns).

Ordine the Changer (Octopode Transmuter)            Turns: 4040, Time: 00:08:35

Health: 0/45       AC:  7    Str:  9    XL:     6   Next: 81%
Magic:  5/9        EV: 10    Int: 22    God:
Gold:   188        SH:  0    Dex: 13    Spells: 2 memorised, 2 levels left

rFire  x . .     SeeInvis .       - Unarmed
rCold  + + +     Gourm    .     (shield currently unavailable)
rNeg   . . .     Faith    .     (helmet currently unavailable)
rPois  +         Spirit   .     (no amulet)
rElec  .         Dismiss  .     (no ring)
rCorr  .         Reflect  .     (no ring)
SustAt .         Harm     .     (no ring)
MR     .....                    (no ring)
Stlth  ++........               (no ring)
                                (no ring)
                                (no ring)
                                (no ring)

@: brilliant, ice-form, not resistant to hostile enchantments, unstealthy
A: almost no armour, amphibious, 8 rings, (constrict 8), (camouflage 0),
(gelatinous body 0)
a: End Transformation


You were on level 4 of the Dungeon.
You were not hungry.
You were a creature of crystalline ice.
You visited 1 branch of the dungeon, and saw 4 of its levels.

You collected 188 gold pieces.

Inventory:

Jewellery
 i - an uncursed ring of sustain attributes {unknown}
 k - a +2 ring of strength {unknown}
Potions
 d - a potion of agility
 e - a potion of flight
 f - a potion of resistance
 g - a potion of beneficial mutation {unknown}
 j - a potion of curing {unknown}
Books
 b - a book of Changes

   Spells                             Type                      Level
   a - Beastly Appendage              Transmutation                1
   b - Sticks to Snakes               Transmutation                2
   c - Spider Form                    Transmutation/Poison         3
   d - Ice Form                       Ice/Transmutation            4
   e - Blade Hands                    Transmutation                5
 m - a book of Geomancy

   Spells                             Type                      Level
   a - Sandblast                      Earth                        1
   b - Passwall                       Transmutation/Earth          2
   c - Stone Arrow                    Conjuration/Earth            3
   d - Petrify                        Transmutation/Earth          4
   e - Lee's Rapid Deconstruction     Earth                        5
Comestibles
 c - 7 bread rations
 h - a slice of pizza
 l - 2 meat rations


   Skills:
 - Level 1.0 Fighting
 - Level 2.0 Dodging
 - Level 4.0 Stealth
 - Level 3.0 Unarmed Combat
 - Level 2.0 Spellcasting
 * Level 5.6 Transmutations
 + Level 2.6 Ice Magic


You had 2 spell levels left.
You knew the following spells:

 Your Spells              Type           Power        Failure   Level  Hunger
a - Spider Form           Tmut/Pois      ####......   1%          3    ###....
b - Ice Form              Ice/Tmut       ####....     3%          4    #####..


Dungeon Overview and Level Annotations

Branches:
Dungeon (4/15)
 Temple: D:4-7

Altars:
Fedhas
Gozag
Sif Muna
Xom

Annotations:
D:2 exclusion: oklob plant
D:4 Grim's ghost, novice FoFi


Innate Abilities, Weirdness & Mutations

You cannot wear most types of armour.
You are amphibious.
You can wear up to eight rings at the same time.
((You can use your tentacles to constrict eight enemies at once.))
((Your skin changes colour to match your surroundings (Stealth+).))
((Your rubbery body absorbs attacks. (AC +1)))


Message History

You tentacle-slap Grim's ghost but do no damage.
Your squeeze misses Grim's ghost. Grim's ghost hits you!
The giant cockroach barely misses you.
All of the chunks of flesh in your inventory have rotted away.
You tentacle-slap Grim's ghost. You squeeze Grim's ghost.
Grim's ghost is lightly damaged.
The giant cockroach bites you. Grim's ghost closely misses you.
The giant cockroach bites you. The giant cockroach barely misses you.
The giant cockroach barely misses you.
You feel clever all of a sudden. Grim's ghost hits you!
* * * LOW HITPOINT WARNING * * *
The giant cockroach bites you.
* * * LOW HITPOINT WARNING * * *
Casting: Ice Form
Confirm with . or Enter, or press ? or * to list all spells.
You turn into a creature of crystalline ice.
The giant cockroach barely misses you. Grim's ghost hits you!
You die...

)....#### .........#
#......... ........
##.......... #......
..####..........####....#
.....#............##....#
..................##....#
..................##...##
#................W.....#
#...............Ys.....#
#...............####.......
..............### ##.......
.......<.....## #.......
............## ##......
...###......# ....... ..
####...# ..#... ##...# ##..
###...


You could see Grim's ghost and a giant cockroach.

Vanquished Creatures
  The ghost of Ordine the Transmogrifier, an amateur OpTm (D:3)
  A centaur (D:3)
  An orc priest (D:3)
  Terence (D:3)
  6 adders
  A worm (D:2)
  A giant gecko (D:2)
  12 orcs (D:3)
  A ball python (D:2)
  5 bats
  4 giant cockroaches
  11 goblins
  8 hobgoblins
  7 jackals
  11 kobolds
  A quokka (D:2)
  3 giant newts
  4 rats
79 creatures vanquished.

Vanquished Creatures (others)
  14 toadstools (D:2)
14 creatures vanquished.

Grand Total: 93 creatures vanquished

Notes
Turn   | Place    | Note
--------------------------------------------------------------
     0 | D:1      | Ordine the Octopode Transmuter began the quest for the Orb.
     0 | D:1      | Reached XP level 1. HP: 13/13 MP: 3/3
    79 | D:1      | Reached XP level 2. HP: 12/18 MP: 5/5
   200 | D:1      | Reached skill level 1 in Stealth
  1063 | D:2      | Reached skill level 3 in Transmutations
  1063 | D:2      | Reached XP level 3. HP: 23/23 MP: 6/6
  1068 | D:2      | Learned a level 3 spell: Spider Form
  1208 | D:2      | Found a blossoming altar of Fedhas.
  1222 | D:2      | Noticed an oklob plant
  1979 | D:2      | Reached XP level 4. HP: 22/28 MP: 7/7
  1990 | D:2      | Learned a level 4 spell: Ice Form
  2431 | D:3      | Reached skill level 4 in Transmutations
  2431 | D:3      | Reached skill level 1 in Ice Magic
  2439 | D:3      | Reached XP level 5. HP: 24/33 MP: 5/8
  2671 | D:3      | Noticed a centaur
  2683 | D:3      | Killed a centaur
  2989 | D:3      | Found a deep blue altar of Sif Muna.
  2989 | D:3      | Found a shimmering altar of Xom.
  2990 | D:3      | Found an opulent altar of Gozag.
  3192 | D:3      | Reached XP level 6. HP: 38/38 MP: 9/9
  3280 | D:3      | Noticed Ordine's ghost (amateur OpTm)
  3292 | D:3      | Killed Ordine's ghost
  3292 | D:3      | Reached skill level 5 in Transmutations
  3505 | D:3      | Noticed Terence
  3676 | D:3      | Killed Terence
  4029 | D:4      | Noticed Grim's ghost (novice FoFi)
  4040 | D:4      | Slain by Grim's ghost

Vault maps used:
D:1:      dpeg_arrival_windows_large_door
D:2:      grunt_ministairs_1, tgw_fedhas
D:3:      gammafunk_temple_overflow_claw, first_bread, uniq_terence
D:4:      nicolae_dithmenos_through_a_glass_darkly, uniq_blork_the_orc

Skill      XL: |  1  2  3  4  5  6 |
---------------+-------------------+-----
Stealth        | 1 2 3 4 |  4.0
Transmutations | 3 4 5 |  5.6
Ice Magic      | 1 2 |  2.6
Fighting       | |  1.0
Dodging        | |  2.0
Unarmed Combat | |  3.0
Spellcasting   | |  2.0

Action                   |  1- 3 |  4- 6 || total
-------------------------+-------+-------++-------
Melee: Unarmed           |    96 |   117 ||   213
       Constrict         |    21 |    20 ||    41
       Tentacles         |     8 |    12 ||    20
       Punch             |     2 |     2 ||     4
 Cast: Spider Form       |     1 |     3 ||     4
       Ice Form          |       |     3 ||     3
  Use: Scroll            |    10 |     1 ||    11
       Potion            |       |     3 ||     3
 Stab: Sleeping          |     8 |     6 ||    14
       Distracted        |       |     1 ||     1
  Eat: Chunk             |     3 |     6 ||     9
       Bread ration      |       |     1 ||     1
Armor: Skin              |     7 |    13 ||    20
Dodge: Dodged            |    66 |    64 ||   130
